 Dungeon Crawl Stone Soup version 0.30-a0-860-g512cf1e979 (webtiles) character file.

Game seed: 16760067974774369161

716 zenocrate the Insei (level 7, -1/51 HPs)
             Began as an Octopode Transmuter on Mar 7, 2023.
             Slain by an ogre
             ... wielding a +0 giant club
              (22 damage)
             ... on level 5 of the Dungeon.
             The game lasted 00:05:39 (4361 turns).

zenocrate the Insei (Octopode Transmuter)           Turns: 4361, Time: 00:05:40

Health: -1/51      AC:  7    Str: 10    XL:     7   Next: 69%
Magic:  1/10       EV: 10    Int: 17    God:
Gold:   298        SH:  0    Dex: 12    Spells: 3/10 levels left

rFire   . . .      SeeInvis .      - Unarmed
rCold   + + +      Faith    .    (shield currently unavailable)
rNeg    + . .      Spirit   .    (helmet currently unavailable)
rPois   +          Reflect  .    (no amulet)
rElec   .          Rampage  .    e - ring of protection from fire
rCorr   .                        i - ring of positive energy
Will    +....                    o - ring of willpower
Stlth   ++                       (no ring)
HPRegen 0.28/turn                (no ring)
MPRegen 0.12/turn                (no ring)
                                 (no ring)
                                 (no ring)

@: ice-form, wereblooded, very slightly contaminated
A: freezing attack, boosted hp, almost no armour, amphibious, 8 rings, large,
(camouflage 1), (gelatinous body 1), (nimble swimmer 1), (tentacles)
a: End Transformation


You were on level 5 of the Dungeon.
You were a creature of crystalline ice.
You visited 2 branches of the dungeon, and saw 6 of its levels.

You collected 298 gold pieces.

Inventory:

Jewellery
 a - a ring of protection from fire
 e - a ring of protection from fire (left front paw)
 i - a ring of positive energy (right front paw)
 o - a ring of willpower (on tentacle)
Wands
 f - a wand of charming (3)
Scrolls
 c - 2 scrolls of amnesia
 g - 2 scrolls of noise {unknown}
 h - a scroll of enchant armour {unknown}
 j - 2 scrolls of teleportation {unknown}
 k - 2 scrolls of fear {unknown}
 r - a scroll of blinking {unknown}
 s - 2 scrolls of immolation {unknown}
 u - a scroll of brand weapon {unknown}
Potions
 b - 4 potions of curing
 d - a potion of mutation
 l - a potion of magic
 m - a potion of ambrosia {unknown}
 n - a potion of brilliance {unknown}
 q - 2 potions of heal wounds {unknown}
 t - 2 potions of berserk rage {unknown}


   Skills:
 - Level 1.0 Fighting
 - Level 2.0 Dodging
 - Level 1.5 Stealth
 + Level 5.7 Unarmed Combat
 - Level 2.0 Spellcasting
 + Level 5.2 Transmutations
 + Level 3.9 Ice Magic


You had 3 spell levels left.
You knew the following spells:

 Your Spells              Type           Power      Damage    Failure   Level
a - Beastly Appendage     Tmut           38%        N/A       2%          1
b - Wereblood             Tmut           19%        N/A       3%          2
c - Ice Form              Ice/Tmut       17%        N/A       28%         4

Your spell library contained the following spells:

 Spells                   Type           Power      Damage    Failure   Level
 Passwall                 Tmut/Erth      8%         N/A       10%         2
 Kiss of Death            Conj/Necr      4%         2d5       19%         1
 Sandblast                Erth           2%         2d4       19%         1
 Spider Form              Tmut/Pois      10%        N/A       21%         3
 Static Discharge         Conj/Air       2%         2-3/arc   28%         2
 Gell's Gravitas          Tloc           1%         N/A       50%         3
 Stone Arrow              Conj/Erth      2%         3d7       50%         3
 Teleport Other           Tloc           1%         N/A       50%         3
 Vhi's Electric Charge    Tloc/Air       2%         N/A       50%         3
 Arcjolt                  Conj/Air       0%         1d10      99%         5
 Lightning Bolt           Conj/Air       0%         1d11      99%         5
 Dispersal                Tloc           0%         N/A       100%        6


Dungeon Overview and Level Annotations

Branches:
Dungeon (5/15)             Temple (1/1) D:4

Altars:
Ashenzari
Dithmenos
Elyvilon
Fedhas
Hepliaklqana
Nemelex Xobeh
Okawaru
Qazlal
Ru
Sif Muna
Trog
Vehumet
Wu Jian
Xom
Yredelemnul
Lugonu

Portals:
Sewer: D:5


Innate Abilities, Weirdness & Mutations

You are a creature of crystalline ice.
You have a powerful freezing melee attack.
Your maximum health is increased.
Your armour is entirely melded.
You are incapable of wielding weapons or throwing items.
You cannot wear most types of armour.
You are amphibious.
You can wear up to eight rings at the same time.
((Your skin changes colour to match your surroundings (Stealth+).))
((Your rubbery body absorbs attacks. (AC +1, EV +1)))
((You are camouflaged when in or above water. (Stealth+)))
((You have tentacles for arms and can constrict up to eight enemies at once.))


Message History

The iguana is moderately wounded.
You constrict the iguana, but do no damage.
You feel sick. The iguana bites you.
You tentacle-slap the iguana. Your squeeze misses the iguana.
The iguana is heavily wounded.
You constrict the iguana.
You feel sick. The iguana bites you!
You tentacle-slap the iguana but do no damage.
You pierce the iguana.
You squeeze the iguana.
You feel a bit better.
You kill the iguana!
You feel sick.
Unknown command.
Found 13 gold pieces and a runed cloak.
Found a glowing drain.
You howl as the wereblood boils in your veins!
You feel sick.
You are no longer poisoned.
Something shouts, "Escape, thou puny tip-merry hedge-pig!"
You hear a shout!
A white imp comes into view.
Casting: Wereblood (safe; 3% risk of failure)
Confirm with . or Enter, or press ? or * to list all spells.
The spell is quite dangerous to miscast (30% risk of failure)!
Continue anyway?
You miscast Ice Form.
You are very lightly contaminated with residual magic.
Nothing appears to happen.
An ogre comes into view. It is wielding a +0 giant club.
Casting: Ice Form (quite dangerous; 30% risk of failure)
Confirm with . or Enter, or press ? or * to list all spells.
The spell is quite dangerous to miscast (30% risk of failure)!
Continue anyway?
Your tentacle spike disappears.
You turn into a creature of crystalline ice.
You barely miss the white imp. The white imp barely misses you.
You punch the white imp!
You feel a bit better.
You kill the white imp!
You howl as the wereblood boils in your veins!
Found an escape hatch in the ceiling.
The ogre hits you with a +0 giant club!!
You punch the ogre! You freeze the ogre!
The ogre is almost dead.
The ogre hits you with a +0 giant club!!
You die...

#..<....#B~S#
#....$..#~∩~#[#
.##.......#BS~#.#######
..........#B~~#.##....#
..#.?.....#####.#.....#
#.....................##
#.#....O.....#####......
.......Y.....# #####.#
#...........### ##..#
#.##.....†....# ##..##
#........#.# ###..###
#..###..###.# #......#
#.# #.## #.###......# #.
#.# #..........# . #.#
#####..>...# . ..#
#......P


You could see an ogre, 2 adders and 3 giant cockroaches.

Vanquished Creatures
  An ice beast (D:4)
  A black bear (D:4)
  Blork the orc (D:4)
  2 hounds
  Crazy Yiuf (D:3)
  2 orc priests (D:4)
  Jessica (D:3)
  2 iguanas (D:5)
  4 orc wizards
  4 adders
  A white imp (D:5)
  An ufetubus (D:4)
  3 dart slugs
  10 orcs
  6 ball pythons
  5 endoplasms
  4 giant cockroaches
  7 goblins
  9 hobgoblins
  2 quokkas
  6 bats
  8 frilled lizards
  7 kobolds
  6 rats
94 creatures vanquished.

Vanquished Creatures (others)
  2 fungi (D:3)
  A plant (D:5)
3 creatures vanquished.

Grand Total: 97 creatures vanquished

Notes
Turn   | Place    | Note
-------+----------+-------------------------------------------
     0 | D:1      | zenocrate the Octopode Transmuter began the quest for the
                  | Orb.
     0 | D:1      | Reached XP level 1. HP: 13/13 MP: 3/3
    59 | D:1      | Reached skill level 1 in Stealth
    88 | D:1      | Reached XP level 2. HP: 18/18 MP: 3/5
   559 | D:1      | Learned a level 2 spell: Wereblood
  1235 | D:2      | Reached XP level 3. HP: 23/23 MP: 2/6
  1689 | D:2      | Found a broken altar of Ashenzari.
  1900 | D:3      | Found a shadowy altar of Dithmenos.
  2014 | D:3      | Reached XP level 4. HP: 28/28 MP: 4/7
  2019 | D:3      | Learned a level 4 spell: Ice Form
  2232 | D:3      | Noticed Jessica
  2241 | D:3      | Killed Jessica
  2493 | D:3      | Found an ornate altar of the Wu Jian Council.
  2553 | D:3      | Found a shimmering blue altar of Sif Muna.
  2738 | D:3      | Found a runed translucent door.
  2739 | D:3      | Noticed Crazy Yiuf
  2747 | D:3      | Killed Crazy Yiuf
  2748 | D:3      | Reached skill level 1 in Ice Magic
  2748 | D:3      | Reached XP level 5. HP: 19/33 MP: 4/8
  2854 | D:4      | Noticed an ice beast
  3093 | D:3      | Got Sif Muna's Treatise on the Mausoleum
  3182 | D:4      | Found a sacrificial altar of Ru.
  3185 | D:4      | Found an iron altar of Okawaru.
  3209 | D:4      | Reached XP level 6. HP: 35/38 MP: 6/9
  3254 | D:4      | Killed an ice beast
  3258 | D:4      | Reached skill level 5 in Unarmed Combat
  3262 | D:4      | Found a staircase to the Ecumenical Temple.
  3271 | Temple   | Entered the Ecumenical Temple
  3523 | D:4      | Noticed a black bear
  3528 | D:4      | Killed a black bear
  3529 | D:4      | Reached XP level 7. HP: 24/43 MP: 10/10
  3644 | D:4      | Noticed Blork the orc
  3649 | D:4      | Found a bloodstained altar of Trog.
  3653 | D:4      | Killed Blork the orc
  3784 | D:4      | Found a sacrificial altar of Ru.
  3787 | D:4      | Found a hazy altar of Hepliaklqana.
  3787 | D:4      | Found a blossoming altar of Fedhas.
  3789 | D:4      | Found a bloodstained altar of Trog.
  3789 | D:4      | Found a white marble altar of Elyvilon.
  3789 | D:4      | Found a shimmering altar of Xom.
  4011 | D:4      | Reached skill level 5 in Transmutations
  4170 | D:5      | Entered Level 5 of the Dungeon
  4353 | D:5      | Found a glowing drain.
  4361 | D:5      | Slain by an ogre

Illustrated notes

Levels and vault maps discovered:
D:1:      dpeg_arrival_solitude, layout_loops_ring, minivault_27,
          chequers_serial_rivers_micro_b, bh_walls_and_bars
D:2:      layout_rooms, basic_altar, kennysheep_nub, minivault_4
D:3:      layout_rooms, pdpol_wu_jian_five_deadly_venoms, lemuel_round_altar,
          led_sif_book, uniq_jessica, uniq_crazy_yiuf_cottage
D:4:      minmay_wonky_spiral, layout_cave_pools, nicolae_overflow_squiral,
          doesnt_xom_only_xom, bloody_trog, minmay_temple_entry_offerings,
          uniq_blork_the_orc
D:5:      layout_rooms, eat_drink_and_be_merry_uskayaw, gup_sewer_entry_glass,
          kennysheep_doodads, serial_bayou_lagoon_a, minmay_misc_feat_encased
Temple:   corrupted_temple

Skill      XL: |  1  2  3  4  5  6  7 |
---------------+----------------------+-----
Stealth        | 1 |  1.5
Transmutations | 3 4 5 |  5.2
Unarmed Combat | 4 5 |  5.7
Ice Magic      | 1 2 3 |  3.9
Fighting       | |  1.0
Dodging        | |  2.0
Spellcasting   | |  2.0

Action                     |  1- 3 |  4- 6 |  7- 9 || total
---------------------------+-------+-------+-------++-------
  Melee: Unarmed           |    80 |    82 |    45 ||   207
         Kick              |    22 |    12 |    11 ||    45
         Constrict         |    20 |    23 |     7 ||    50
         Tentacles         |    12 |    21 |     8 ||    41
         Punch             |     4 |     6 |     2 ||    12
   Cast: Beastly Appendage |    20 |    13 |     9 ||    42
         Wereblood         |    11 |    12 |     9 ||    32
         Ice Form          |       |     1 |     1 ||     2
    Use: Scroll            |     1 |       |     3 ||     4
         Potion            |       |       |     1 ||     1
   Stab: Sleeping          |     7 |     3 |       ||    10
 Armour: Skin              |     4 |     6 |    14 ||    24
  Dodge: Dodged            |    42 |    49 |    18 ||   109

Table legend: (Time is in decaauts)
 A = Elapsed time spent in this place.
 B = Non-inter-level travel time spent in this place.
 C = Inter-level travel time spent in this place.
 D = Time resting spent in this place.
 E = Time spent auto-exploring this place.
 F = Levels seen in this place.
 G = Mean time per level.
                   A        B        C        D        E       F      G
               +--------+--------+--------+--------+--------+-----+--------+
         Total |   4341 |   4140 |    201 |     12 |   3405 |   6 |  723.5 |
       Dungeon |   4206 |   4017 |    189 |     12 |   3289 |   5 |  841.2 |
        Temple |    135 |    123 |     12 |      0 |    116 |   1 |  135.0 |
               +--------+--------+--------+--------+--------+-----+--------+

Top non-repeatable levels by time:
     D:3: 1227 daAuts
     D:1: 1198 daAuts
     D:4: 901 daAuts
     D:2: 689 daAuts
     D:5: 189 daAuts
  Temple: 135 daAuts
